 Dungeon Crawl Stone Soup version 0.29-a0-266-gf56f883ddd (webtiles) character file.

Game seed: 594547641158765232

338 gruber the Slinger (level 6, 0/29 HPs)
             Began as a Spriggan Arcane Marksman on Mar 6, 2022.
             Succumbed to a killer bee's poison
             ... on level 4 of the Dungeon.
             The game lasted 00:05:17 (4250 turns).

gruber the Slinger (Spriggan Arcane Marksman)       Turns: 4250, Time: 00:05:18

Health: 0/29       AC:  3    Str:  6    XL:     6   Next: 29%
Magic:  9/9        EV: 18    Int: 15    God:
Gold:   178        SH:  0    Dex: 23    Spells: 6/7 levels left

rFire   . . .      SeeInvis +   a - +0 hunting sling
rCold   . . .      Faith    .   (no shield)
rNeg    . . .      Spirit   .   b - +0 robe
rPois   .          Reflect  .   (helmet restricted)
rElec   .          Harm     .   g - +0 cloak
rCorr   .          Rampage  .   (gloves unavailable)
Will    +....                   (boots unavailable)
Stlth   ++........              k - amulet of regeneration
HPRegen 0.89/turn               f - +6 ring of dexterity
MPRegen 0.11/turn               (no ring)

@: lethally poisoned (0 -> -3), very quick
A: very small, no large weapons, unfitting armour, see invisible, speed 3
a: no special abilities


You were on level 4 of the Dungeon.
You visited 1 branch of the dungeon, and saw 5 of its levels.

You collected 178 gold pieces.

Inventory:

Hand Weapons
 a - a +0 hunting sling (weapon)
 d - a +2 short sword of flaming
 o - a +1 rapier of speed
Armour
 b - a +0 robe (worn)
 g - a +0 cloak (worn)
Jewellery
 f - a +6 ring of dexterity (left hand)
 k - an amulet of regeneration (around neck)
Wands
 p - a wand of flame (21)
Scrolls
 c - 4 scrolls of vulnerability
 e - 6 scrolls of identify {unknown}
 h - a scroll of noise {unknown}
 i - a scroll of silence {unknown}
 n - a scroll of holy word {unknown}
Potions
 j - a potion of magic {unknown}
 l - a potion of curing
 m - a potion of flight {unknown}


   Skills:
 - Level 0.7 Fighting
 + Level 8.1 Slings
 - Level 2.6 Dodging
 - Level 1.3 Spellcasting
 - Level 3.6 Hexes


You had 6 spell levels left.
You knew the following spells:

 Your Spells              Type           Power      Damage    Failure   Level
a - Slow                  Hex            44%        N/A       5%          1

Your spell library contained the following spells:

 Spells                   Type           Power      Damage    Failure   Level
 Inner Flame              Hex/Fire       6%         N/A       34%         3
 Portal Projectile        Hex/Tloc       12%        N/A       34%         3
 Cause Fear               Hex            5%         N/A       47%         4


Dungeon Overview and Level Annotations

Branches:
Dungeon (5/15)
 Temple: D:4-7

Altars:
Ru

Shops:
D:4 :

Annotations:
D:3 1 runed translucent door, sanka's ghost, amateur GnMo


Innate Abilities, Weirdness & Mutations

You are very small and have problems with some larger weapons.
You are too small for most types of armour.
You have supernaturally acute eyesight. (SInv)
You cover ground extremely quickly. (Speed+++)


Message History

* * * LOW HITPOINT WARNING * * *
You feel sick. The killer bee completely misses you.
You feel better. The killer bee completely misses you.
The killer bee misses you.
Unknown command.
Unknown command.
Aiming: Throw Flame
Press: ? - help, Shift-Dir - straight line, f - killer bee
Aim: a killer bee (39% to hit)
The puff of flame hits the killer bee.
The killer bee is lightly wounded.
The killer bee stings you!
* * * LOW HITPOINT WARNING * * *
The killer bee misses you.
Unknown command.
Aiming: Throw Flame
Press: ? - help, Shift-Dir - straight line, f/p - killer bee
Aim: a killer bee (lightly wounded, 39% to hit)
The puff of flame hits the killer bee.
The killer bee is moderately wounded.
The killer bee completely misses you. x2
Unknown command.
Unknown command.
Aiming: Throw Flame
Press: ? - help, Shift-Dir - straight line, f/p - killer bee
Aim: a killer bee (moderately wounded, 39% to hit)
The puff of flame misses the killer bee.
The puff of flame hits the killer bee!
The killer bee is heavily wounded.
The killer bee closely misses you. The killer bee stings you.
* * * LOW HITPOINT WARNING * * *
You are lethally poisoned!
The killer bee poisons you!
Aiming: Throw Flame
Press: ? - help, Shift-Dir - straight line, f/p - killer bee
Aim: a killer bee (moderately wounded, 39% to hit)
The puff of flame misses the killer bee.
The puff of flame hits the killer bee!
The killer bee is almost dead.
You die...

########## #.......## #...>....#
#........### #........#
#.....>.)..## #........#
#............ #.....>..##
#......÷...#. ######.#..#
#..........#. #..#y#
##.........## ##.#y# #.........#
#.#@# #.........#
#...#####.........#
##.†##............#
#..##...(........#
###..##.......(....#
#############....)............##
..............#..............##
....<......#####.#.........#.##
.............###.#............###


You could see 2 killer bees.

Vanquished Creatures
  Eustachio (D:3)
  A hound (D:4)
  An iguana (D:3)
  6 adders
  3 worms
  2 dart slugs
  2 orcs (D:3)
  5 endoplasms
  2 giant cockroaches (D:1)
  9 goblins
  9 hobgoblins
  3 kobolds
  2 quokkas (D:4)
  6 ball pythons
  5 bats
  5 frilled lizards
  6 rats
68 creatures vanquished.

Notes
Turn   | Place    | Note
-------+----------+-------------------------------------------
     0 | D:1      | gruber the Spriggan Arcane Marksman began the quest for the
                  | Orb.
     0 | D:1      | Reached XP level 1. HP: 9/9 MP: 3/3
   213 | D:1      | Reached skill level 3 in Slings
   280 | D:1      | Reached XP level 2. HP: 8/14 MP: 5/5
   726 | D:1      | Reached skill level 4 in Slings
  1365 | D:2      | Found a faded altar of an unknown god.
  1493 | D:2      | Reached XP level 3. HP: 17/17 MP: 6/6
  1780 | D:3      | Reached skill level 5 in Slings
  1912 | D:3      | Found a runed translucent door.
  1988 | D:3      | Reached XP level 4. HP: 21/21 MP: 7/7
  2211 | D:3      | Found a sacrificial altar of Ru.
  2298 | D:3      | Noticed sanka's ghost (amateur GnMo)
  2304 | D:3      | Noticed a sky beast
  2939 | D:3      | Reached skill level 6 in Slings
  3065 | D:4      | Noticed Eustachio
  3112 | D:4      | Reached XP level 5. HP: 25/25 MP: 8/8
  3818 | D:3      | Killed Eustachio
  3819 | D:3      | Reached skill level 8 in Slings
  3819 | D:3      | Reached XP level 6. HP: 23/29 MP: 9/9
  4068 | D:4      | Found Cumumees's Book Shoppe.
  4214 | D:5      | Entered Level 5 of the Dungeon
  4249 | D:4      | HP: 1/29 [killer bee (5)]
  4250 | D:4      | Succumbed to a killer bee's poison

Illustrated notes

Levels and vault maps discovered:
D:1:      dpeg_arrival_round_c, layout_rooms
D:2:      layout_basic, shapermc_ecumenical_altar_ellora, uniq_terence
D:3:      minmay_general_purpose_star, layout_loops_ring, lemuel_round_altar,
          ebering_ghost_inner_flame
D:4:      layout_rooms, serial_shops, nicolae_shop_stone, uniq_eustachio
D:5:      layout_rooms, grunt_temple_overflow_forces_of_nature, serial_undead,
          serial_undead_e, serial_undead_d, serial_undead_c, serial_undead_e

Skill      XL: |  1  2  3  4  5 |
---------------+----------------+-----
Slings         | 3 4 5 6 8 |  8.1
Fighting       | |  0.7
Dodging        | |  2.6
Spellcasting   | |  1.3
Hexes          | |  3.6

Action                   |  1- 3 |  4- 6 || total
-------------------------+-------+-------++-------
 Fire: Hunting sling     |   129 |   157 ||   286
 Cast: Slow              |    10 |    13 ||    23
Evoke: Wand              |       |     4 ||     4
  Use: Potion            |       |     1 ||     1
Armor: Robe              |    11 |    24 ||    35
Dodge: Dodged            |    61 |   117 ||   178

Table legend: (Time is in decaauts)
 A = Elapsed time spent in this place.
 B = Non-inter-level travel time spent in this place.
 C = Inter-level travel time spent in this place.
 D = Time resting spent in this place.
 E = Time spent auto-exploring this place.
 F = Levels seen in this place.
 G = Mean time per level.
                   A        B        C        D        E       F      G
               +--------+--------+--------+--------+--------+-----+--------+
         Total |   3345 |   3199 |    146 |    392 |   2140 |   5 |  669.0 |
       Dungeon |   3345 |   3199 |    146 |    392 |   2140 |   5 |  669.0 |
               +--------+--------+--------+--------+--------+-----+--------+

Top non-repeatable levels by time:
     D:3: 1649 daAuts
     D:1: 902 daAuts
     D:4: 450 daAuts
     D:2: 332 daAuts
     D:5: 10 daAuts
